 Dungeon Crawl Stone Soup version 0.20-a0-446-g9649680 (webtiles) character file.

3588 Vilis the Arsonist (level 10, 0/81 HPs)
             Began as an Ogre Fire Elementalist on Jan 7, 2017.
             Was an Initiate of Vehumet.
             Shot with an arrow by a centaur (11 damage)
             ... on level 8 of the Dungeon.
             The game lasted 00:39:12 (7869 turns).

Vilis the Arsonist (Ogre Fire Elementalist)         Turns: 7869, Time: 00:39:12

Health: 0/81       AC:  6    Str: 14    XL:     10   Next: 10%
Magic:  14/25      EV: 10    Int: 19    God:    Vehumet [......]
Gold:   222        SH:  0    Dex:  9    Spells: 5/17 levels left

rFire  . . .     SeeInvis .     b - +1 short sword (venom)
rCold  . . .     Gourm    .     J - +0 robe
rNeg   . . .     Faith    .     (no shield)
rPois  +         Spirit   .     (helmet restricted)
rElec  .         Reflect  .     E - +2 cloak {rPois}
rCorr  .         Harm     .     (gloves unavailable)
MR     ++...                    (boots unavailable)
Stlth  +.........               (no amulet)
                                e - ring of magical power
                                l - ring of protection from magic

@: no status effects
A: unfitting armour, tough skin 1
a: Renounce Religion


You were on level 8 of the Dungeon.
You worshipped Vehumet.
Vehumet was noncommittal.
You were near starving.

You visited 2 branches of the dungeon, and saw 9 of its levels.
You also visited: Sewer.

You collected 530 gold pieces.
You spent 308 gold pieces at shops.

Inventory:

Hand Weapons
 b - a +1 short sword of venom (weapon)
 D - a +2 whip of electrocution
Armour
 E - a +2 cloak of poison resistance (worn)
 J - a +0 robe (worn)
Magical Staves
 a - an uncursed staff of energy
Jewellery
 e - a ring of magical power (right hand)
 l - a ring of protection from magic (left hand)
Wands
 f - a wand of confusion (16/48)
 y - a wand of lightning (7/15)
 G - a wand of polymorph (14/24)
Scrolls
 d - 9 scrolls of teleportation {unknown}
 g - a scroll of identify {unknown}
 h - a scroll of recharging {unknown}
 n - 4 scrolls of amnesia {unknown}
 o - 4 scrolls of fear {unknown}
 s - 4 scrolls of magic mapping {unknown}
 x - a scroll of fog {unknown}
 A - a scroll of random uselessness {unknown}
 C - 2 scrolls of enchant weapon {unknown}
Potions
 i - a potion of berserk rage {unknown}
 j - 3 potions of lignification {unknown}
 k - a potion of curing
 q - a potion of haste {unknown}
 r - a potion of degeneration {unknown}
 t - a potion of agility {unknown}
 v - a potion of ambrosia {unknown}
 z - 2 potions of magic
 B - 2 potions of flight {unknown}
 F - a potion of invisibility {unknown}
 I - a potion of cancellation {unknown}
Books
 w - a book of Flames

   Spells                             Type                      Level
   a - Flame Tongue                   Conjuration/Fire             1
   b - Throw Flame                    Conjuration/Fire             2
   c - Conjure Flame                  Conjuration/Fire             3
   d - Inner Flame                    Hexes/Fire                   3
   e - Sticky Flame                   Conjuration/Fire             4
   f - Fireball                       Conjuration/Fire             5
 K - a book of Air

   Spells                             Type                      Level
   a - Shock                          Conjuration/Air              1
   b - Swiftness                      Charms/Air                   2
   c - Repel Missiles                 Charms/Air                   2
   d - Static Discharge               Conjuration/Air              3
   e - Lightning Bolt                 Conjuration/Air              5
Comestibles
 c - 10 bread rations
 m - 4 fruits
 p - 2 chunks of flesh
 u - 4 meat rations
 H - 7 beef jerkies


   Skills:
 - Level 1.7 Dodging
 - Level 1.4 Stealth
 * Level 4.2 Spellcasting
 + Level 9.0 Conjurations
 + Level 9.3 Fire Magic


You had 5 spell levels left.
You knew the following spells:

 Your Spells              Type           Power        Failure   Level  Hunger
a - Flame Tongue          Conj/Fire      #####        1%          1    None
b - Throw Flame           Conj/Fire      #####.       1%          2    #......
c - Sticky Flame          Conj/Fire      #####...     3%          4    ####...
d - Fireball              Conj/Fire      #####.....   12%         5    ######.


Dungeon Overview and Level Annotations

Branches:
Dungeon (8/15)             Temple (1/1) D:7
   Lair: D:8-11

Altars:
Ashenzari
Cheibriados
Dithmenos
Elyvilon
Fedhas
Gozag
Kikubaaqudgha
Nemelex Xobeh
Qazlal
Ru
Sif Muna
Uskayaw
Vehumet
Xom
Yredelemnul
Zin
The Shining One

Shops:
D:8 *

Annotations:
D:6 1 runed door


Innate Abilities, Weirdness & Mutations

You are too large for most types of armour.
You have tough skin. (AC +1)


Message History

Here: a crimson imp, wielding a morningstar The floor.
The crimson imp blinks!
You see here a book of Air.
K - a book of Air You barely miss the crimson imp.
The crimson imp hits you with a morningstar.
* * * LOW HITPOINT WARNING * * *
You closely miss the crimson imp.
The crimson imp hits you with a morningstar!
* * * LOW HITPOINT WARNING * * *
The crimson imp summons a swarm of flies.
The crimson imp shouts, "Get thee hence, thou tottering fly-bitten maggot-pie!"
Found a slice of pizza.
The crimson imp blinks!
Found 27 arrows.
A centaur comes into view.
The centaur shouts!
The centaur wields a shortbow.
The centaur shoots an arrow.
The arrow hits you!
You die...

#######................# ####
###......................#
..........†............########
..................†c......$...#
..........∩...................#
###............)..............#
#######....))...............#
#######)>###...!.......#
.......@......[........#
.......................#
..............5........#
..............)........#
.......................#
.......................#
########.....###########
#.....# #.....#


You could see a centaur and a crimson imp.

Vanquished Creatures
  Pikel (D:6)
  Sigmund (D:2)
  Duvessa (D:5)
  2 sky beasts
  A black bear (D:6)
  A necrophage (D:7)
  5 ogres
  A phantom (D:7)
  3 centaurs
  2 big kobolds (Sewer)
  A bullfrog (D:8)
  5 scorpions
  Dowan (D:5)
  7 howler monkeys
  5 wights
  An electric eel (D:6)
  2 crimson imps (D:7)
  2 hounds
  2 jellies (D:5)
  An orc priest (D:8)
  Crazy Yiuf (D:6)
  A bullfrog skeleton (D:5)
  Ijyb (D:2)
  4 orc wizards
  A worker ant (D:5)
  The ghost of Vesto the Skirmisher, a weakling BaFi (D:4)
  10 gnolls
  15 adders
  2 river rats (Sewer)
  2 shadow imps (D:7)
  2 oozes
  An adder skeleton (D:5)
  5 worms
  4 leopard geckos
  21 orcs
  6 bats
  6 giant cockroaches
  6 goblins
  12 hobgoblins
  10 jackals
  5 ball pythons
  5 frilled lizards
  A jackal skeleton (D:8)
  12 kobolds
  2 leopard gecko skeletons (D:4)
  11 rats
  2 plants (D:6)
194 creatures vanquished.

Vanquished Creatures (others)
  3 slaves (D:6)
  2 wights (D:6)
  An ooze (D:6)
  A leopard gecko zombie (D:6)
7 creatures vanquished.

Grand Total: 201 creatures vanquished

Notes
Turn   | Place    | Note
-------+----------+-------------------------------------------
     0 | D:1      | Vilis the Ogre Fire Elementalist began the quest for the Orb.
     0 | D:1      | Reached XP level 1. HP: 16/16 MP: 3/3
     6 | D:1      | Reached skill level 1 in Conjurations
    61 | D:1      | Reached XP level 2. HP: 21/24 MP: 3/5
    65 | D:1      | Learned a level 2 spell: Throw Flame
   258 | D:1      | Reached XP level 3. HP: 26/31 MP: 2/6
   702 | D:2      | Noticed Ijyb
   720 | D:2      | Killed Ijyb
   720 | D:2      | Reached XP level 4. HP: 27/39 MP: 0/7
   785 | D:2      | Noticed Sigmund
   891 | D:2      | Killed Sigmund
   891 | D:2      | Reached XP level 5. HP: 31/45 MP: 0/8
   891 | D:2      | Reached XP level 6. HP: 36/53 MP: 0/9
  1131 | D:2      | Found a shattered altar of Ashenzari.
  1658 | D:3      | Reached skill level 5 in Fire Magic
  1865 | D:3      | Found an ancient bone altar of Kikubaaqudgha.
  2575 | D:4      | Reached XP level 7. HP: 49/59 MP: 2/10
  2586 | D:4      | Learned a level 4 spell: Sticky Flame
  2809 | D:4      | Noticed Vesto's ghost (weakling BaFi)
  2822 | D:4      | Killed Vesto's ghost
  2824 | D:4      | Found a deep blue altar of Sif Muna.
  3074 | D:4      | Found a glowing silver altar of Zin.
  3074 | D:4      | Noticed an angel
  3075 | D:4      | Found a shimmering altar of Xom.
  3258 | D:4      | Reached skill level 5 in Conjurations
  3386 | D:5      | Entered Level 5 of the Dungeon
  3524 | D:5      | Found a glowing drain.
  3534 | Sewer    | Entered a sewer
  3680 | Sewer    | Reached XP level 8. HP: 66/67 MP: 5/11
  3952 | D:5      | Identified Xaintaf's Volume of Malediction
  3976 | D:5      | Noticed Dowan
  3978 | D:5      | Noticed Duvessa
  3981 | D:5      | Killed Dowan
  3988 | D:5      | Killed Duvessa
  4156 | D:5      | Found a white marble altar of Elyvilon.
  4696 | D:6      | Noticed Pikel
  5092 | D:6      | Killed Pikel
  5092 | D:6      | Reached XP level 9. HP: 39/74 MP: 0/12
  5269 | D:6      | Found a sacrificial altar of Ru.
  5644 | D:6      | Found a snail-covered altar of Cheibriados.
  5779 | D:6      | Found a glowing golden altar of the Shining One.
  5779 | D:6      | Noticed an angel
  5780 | D:6      | Found a runed door.
  6071 | D:6      | Found a runed door.
  6075 | D:6      | Noticed Crazy Yiuf
  6078 | D:6      | Killed Crazy Yiuf
  6140 | D:6      | Learned a level 5 spell: Fireball
  6364 | D:7      | Found a staircase to the Ecumenical Temple.
  6388 | Temple   | Entered the Ecumenical Temple
  6497 | Temple   | Became a worshipper of Vehumet
  7261 | D:8      | Found a shadowy altar of Dithmenos.
  7419 | D:8      | Reached XP level 10. HP: 59/81 MP: 6/14
  7717 | D:8      | Found Myinneopt's Merry Market.
  7730 | D:8      | Bought a potion of magic for 88 gold pieces
  7730 | D:8      | Bought an uncursed ring of magical power for 220 gold pieces
  7869 | D:8      | Shot with an arrow by a centaur

Vault maps used:
D:1:      mrwooster_arrival_statue, serial_bayou_pond_b, solitary_fountain,
          feat_on_display
D:2:      evilmike_ruin_ashenzari, uniq_sigmund, uniq_iyjb
D:3:      overflow_temple_1_default
D:4:      minmay_door_path, grunt_temple_overflow_order_and_chaos_1,
          lemuel_blue_sif_altar
D:5:      lemuel_round_altar, first_bread, gup_sewer_entry_pipe, uniq_duvessa
D:6:      marbit_many_paths, nicolae_ru_great_annihilating_truth,
          minmay_tree_intersection, serial_bayou_lagoon_a, minmay_misc_feat_iff,
          lemuel_angel_altar, uniq_pikel, uniq_crazy_yiuf_cottage
D:7:      kennysheep_another_room
D:8:      grunt_dithmenos_smoke, grunt_ogre_cave, nicolae_alphabet_shops
Temple:   minmay_temple_forest_path
Sewer:    sewer_co_15_rooms

Skill      XL: |  1  2  3  4  5  6  7  8  9 10 |
---------------+-------------------------------+-----
Conjurations   | 1 2 3 4 5 7 8 9 |  9.0
Fire Magic     | 3 4 5 6 7 9 |  9.3
Spellcasting   | 3 4 |  4.2
Dodging        | |  1.7
Stealth        | |  1.4

Action                   |  1- 3 |  4- 6 |  7- 9 | 10-12 || total
-------------------------+-------+-------+-------+-------++-------
Melee: Mace              |    46 |    27 |       |       ||    73
       Quarterstaff      |       |    26 |    22 |       ||    48
       Spear             |       |    11 |       |       ||    11
       Short sword       |       |       |   197 |    27 ||   224
       Whip              |       |       |       |     7 ||     7
 Cast: Flame Tongue      |    35 |    67 |   156 |    20 ||   278
       Throw Flame       |       |     2 |    28 |       ||    30
       Sticky Flame      |       |       |    12 |     3 ||    15
  Use: Potion            |       |       |     2 |     3 ||     5
 Stab: Sleeping          |       |       |     2 |       ||     2
  Eat: Chunk             |       |     6 |    20 |       ||    26
Armor: Robe              |    19 |    18 |    48 |    15 ||   100
Dodge: Dodged            |    16 |    47 |    93 |    30 ||   186
